 Dungeon Crawl Stone Soup version 0.25-a0-890-g62861fb195 (webtiles) character file.

Game seed: 13025250959801724922, levelgen mode: deterministic

233 FessEmpty the Conjurer (level 6, 0/36 HPs)
             Began as an Octopode Conjurer on May 2, 2020.
             Slain by an orc wizard
             ... wielding a +0 dagger
              (1 damage)
             ... on level 4 of the Dungeon.
             The game lasted 00:13:29 (3007 turns).

FessEmpty the Conjurer (Octopode Conjurer)          Turns: 3007, Time: 00:13:30

Health: 0/36       AC:  1    Str:  8    XL:     6   Next: 4%
Magic:  10/12      EV: 13    Int: 18    God:
Gold:   157        SH:  0    Dex: 13    Spells: 6/13 levels left

rFire    . . .     SeeInvis .   (no weapon)
rCold    . . .     Gourm    .   (no shield)
rNeg     . . .     Faith    .   (helmet restricted)
rPois    .         Spirit   .   (no amulet)
rElec    .         Reflect  .   d - ring of teleportation (curse)
rCorr    .         Harm     .   (no ring)
MR       .....     Rnd*Tele +   (no ring)
Stlth    ++........             (no ring)
HPRegen  0.12/turn              (no ring)
MPRegen  0.13/turn              (no ring)
                                (no ring)
                                (no ring)

@: confused, starving
A: almost no armour, stealthy swim, amphibious, 8 rings, constrict 8, camouflage
1, gelatinous body 1
a: no special abilities


You were on level 4 of the Dungeon.
You were starving.

You visited 1 branch of the dungeon, and saw 4 of its levels.

You collected 157 gold pieces.

Inventory:

Jewellery
 d - a cursed ring of teleportation (left tentacle)
 f - a +4 ring of slaying {unknown}
 j - an uncursed ring of positive energy
Scrolls
 a - a scroll of amnesia {unknown}
 c - 4 scrolls of remove curse {unknown}
 g - a scroll of enchant weapon
 h - 4 scrolls of identify
 i - a scroll of fog {unknown}
 l - 2 scrolls of fear
 n - a scroll of magic mapping
 o - a scroll of enchant armour {unknown}
Potions
 e - a potion of curing {unknown}
 k - a potion of might {unknown}
Comestibles
 b - 8 rations


   Skills:
 + Level 2.0 Dodging
 - Level 2.6 Stealth
 + Level 4.2 Spellcasting
 * Level 5.7 Conjurations


You had 6 spell levels left.
You knew the following spells:

 Your Spells              Type           Power        Failure   Level  Hunger
a - Magic Dart            Conj           ###.         1%          1    None
b - Searing Ray           Conj           ###...       1%          2    ##.....
c - Iskenderun's Mystic   Conj/Tloc      ##......     41%         4    ####...

Your spell library contained the following spells:

 Spells                   Type           Power        Failure   Level  Hunger
 Dazzling Flash           Conj/Hex       ##....       13%         3    ###....
 Fulminant Prism          Conj/Hex       ##........   41%         4    ####...


Dungeon Overview and Level Annotations

Branches:
Dungeon (4/15)
 Temple: D:4-7

Altars:

Shops:
D:4 *


Innate Abilities, Weirdness & Mutations

You cannot wear most types of armour.
You are very stealthy in the water. (Stealth+)
You are amphibious.
You can wear up to eight rings at the same time.
You can use your tentacles to constrict eight enemies at once.
Your skin changes colour to match your surroundings (Stealth+).
Your rubbery body absorbs attacks. (AC +1, EV +1)


Message History

The adder hisses angrily. (Press . to maintain the ray.)
The searing ray hits the goblin.
You kill the goblin!
Your Spellcasting skill increases to level 4!
The searing ray misses the adder.
Casting: Searing Ray (safe; 2% risk of failure)
Confirm with . or Enter, or press ? or * to list all spells.
Aiming: Searing Ray (safe; 2% risk of failure)
Press: ? - help, Shift-Dir - straight line, f/p - adder
Aim: an adder (severely wounded)
The searing ray misses the adder. (Press . to maintain the ray.)
The adder barely misses you. x2
The searing ray hits the adder!
You kill the adder!
h - 3 scrolls of identify (gained 1)
You butcher the goblin corpse.
m - 10 chunks of flesh (gained 3)
Things that are here:
a +0 club; a goblin skeleton
Things that are here:
a +0 club; a goblin skeleton
h - 4 scrolls of identify (gained 1)
c - 4 scrolls labeled OSHRUU LERUKINK (gained 3)
b - 8 rations (gained 1) Some of the chunks of flesh in your inventory have rotted away.
A hobgoblin comes into view. It is wielding a +0 club.
The hobgoblin shouts!
Casting: Searing Ray (safe; 2% risk of failure)
Confirm with . or Enter, or press ? or * to list all spells.
Aiming: Magic Dart (safe; 1% risk of failure)
Press: ? - help, Shift-Dir - straight line, f - hobgoblin
Aim: a hobgoblin, wielding a +0 club The magic dart hits the hobgoblin but does no damage.
Casting: Magic Dart (safe; 1% risk of failure)
Confirm with . or Enter, or press ? or * to list all spells.
Aiming: Magic Dart (safe; 1% risk of failure)
Press: ? - help, Shift-Dir - straight line, f/p - hobgoblin
Aim: a hobgoblin, wielding a +0 club The magic dart hits the hobgoblin.
You kill the hobgoblin!
Casting: Magic Dart (safe; 1% risk of failure)
Confirm with . or Enter, or press ? or * to list all spells.
You can't see any susceptible monsters within range! (Use Z to cast anyway.)
You see here a +0 club.
Some of the chunks of flesh in your inventory have rotted away.
Some of the chunks of flesh in your inventory have rotted away.
Found a stone staircase leading down.
There is a stone staircase leading down here.
There is a stone staircase leading down here.
Some of the chunks of flesh in your inventory have rotted away.
A goblin comes into view.
A goblin is nearby!
Casting: Magic Dart (safe; 1% risk of failure)
Confirm with . or Enter, or press ? or * to list all spells.
Aiming: Magic Dart (safe; 1% risk of failure)
Press: ? - help, Shift-Dir - straight line, f - goblin
Aim: a goblin (resting)
The magic dart hits the goblin!
You kill the goblin!
You now have 157 gold pieces (gained 14).
All of the chunks of flesh in your inventory have rotted away.
You are feeling hungry.
You see here a +0 club.
You see here a stone.
Found a stone staircase leading down.
You see here a mace.
You are feeling very hungry.
Found a stone staircase leading up.
There is a stone staircase leading down here.
Done exploring.
You climb downwards.
An orc and 3 orc wizards come into view.
The orc wizard shouts!
You hear a shout! x2
There is a stone staircase leading up here.
The orc wizard shouts!
You hear a shout! x2
You climb upwards.
There is a stone staircase leading down here.
Things that are here:
a +0 leather armour; a cursed +0 mace
There is a stone staircase leading down here.
You climb downwards.
An orc and an orc priest come into view.
The orc priest shouts!
You hear a shout!
You hear an angry hiss.
A worker ant comes into view.
The orc priest hits you with a +0 short sword.
An orc comes into view. It is wielding a +0 hand axe.
You hear a shout!
There is a stone staircase leading up here.
The orc priest hits you but does no damage.
You climb upwards.
There is a stone staircase leading down here.
Casting: Magic Dart (safe; 1% risk of failure)
Confirm with . or Enter, or press ? or * to list all spells.
Aiming: Searing Ray (safe; 2% risk of failure)
Press: ? - help, Shift-Dir - straight line, f - orc priest
Aim: an orc priest, wielding a +0 short sword The searing ray hits the orc priest!
The orc priest is heavily wounded. (Press . to maintain the ray.)
The orc priest invokes the aid of Beogh against you.
Pain shoots through your body!
The searing ray misses the orc priest.
The orc priest hits you with a +0 short sword.
The searing ray hits the orc priest!
You kill the orc priest!
You have reached level 6!
Your experience leads to an increase in your attributes!
Increase (S)trength, (I)ntelligence, or (D)exterity?
You feel agile.
Okay, then.
This spell is extremely dangerous to cast!
Memorise Iskenderun's Mystic Blast, consuming 4 spell levels and leaving 6?
You start memorising the spell.
You continue memorising. x4
You finish memorising.
Spell assigned to 'c'.
You start resting.
Magic restored.
Things that are here:
a +0 leather armour; a cursed +0 mace
There is a stone staircase leading down here.
You climb downwards. 2 orcs and an orc priest come into view.
The orc priest is wielding a +0 flail and wearing a +0 leather armour of poison resistance.
The orc priest calls down the wrath of Beogh upon you.
Beogh smites you!
There is a stone staircase leading up here.
The orc hits you with a cursed +0 dagger.
The orc priest looks encouraged for a moment.
You climb upwards.
There is a stone staircase leading down here.
Casting: Searing Ray (safe; 1% risk of failure)
Confirm with . or Enter, or press ? or * to list all spells.
Aiming: Searing Ray (safe; 1% risk of failure)
Press: ? - help, Shift-Dir - straight line, f - orc
Aim: an orc, wielding a +0 dagger and wearing a +0 leather armour The searing ray hits the orc.
The orc is heavily wounded. (Press . to maintain the ray.)
The orc hits you but does no damage.
The searing ray hits the orc!
You kill the orc!
Things that are here:
a cursed +0 dagger; a +0 leather armour; an orc corpse
Okay, then.
You start resting.
You are near starving!
You start resting.
Magic restored.
You start resting.
HP restored.
You see here a +0 chain mail.
You see here a +0 club.
There is a stone staircase leading down here.
You climb downwards.
An orc comes into view. It is wielding a +0 dagger.
The orc wizard casts a spell at you. The magic dart hits you.
The orc wizard mumbles some strange words.
The orc wizard flickers and vanishes!
Deactivating autopickup; reactivate with Ctrl-A.
There is a stone staircase leading up here.
Casting: Searing Ray (safe; 1% risk of failure)
Confirm with . or Enter, or press ? or * to list all spells.
Aiming: Searing Ray (safe; 1% risk of failure)
Press: ? - help, Shift-Dir - straight line, f - orc wizard
Aim: an orc wizard, wielding a +0 dagger and wearing a +0 robe The searing ray hits the orc wizard.
The orc wizard is heavily wounded. (Press . to maintain the ray.)
You are starving!
You feel strangely unstable.
You are suddenly yanked towards some nearby monsters!
Your surroundings seem slightly different.
The orc shouts!
The orc closely misses you.
An orc comes into view. It is wielding a +0 dagger.
The orc wizard hits you but does no damage.
The orc wizard gestures at you while chanting.
The magic dart hits you!
Found Zin's Purification Station.
A scorpion comes into view.
The orc wizard casts a spell at you. The magic dart hits you!
You hear some strange, mumbled words.
You are confused.
There is a stone staircase leading up here.
The orc shouts!
The orc hits you with a +0 hand axe.
In your confused state, you trip and fall back down the stairs.
The orc hits you but does no damage. The orc wizard closely misses you.
The orc wizard points at you and mumbles some strange words.
The magic dart hits you!
* * * LOW HITPOINT WARNING * * *
The orc hits you with a +0 hand axe.
* * * LOW HITPOINT WARNING * * *
The orc hits you with a +0 dagger.
* * * LOW HITPOINT WARNING * * *
Something hits you.
You die...

... # ... .###.. .. $.#.# #[ ...
.... #.# #... #.... #.# ... .
#.##.. #.####.#...
#<###.###.#........
#.##......o@o# ..
..##..^...o.o#....
....#.≈≈.o.......∩..
..o....≈....o##......
...o....≈.os..........
......#........#.......
##.....#.#.l.....................
# #..#....................
#.##....................


You could see a scorpion, 2 orc wizards, 5 orcs and a frilled lizard.

Vanquished Creatures
  3 orc priests
  An orc wizard (D:2)
  4 adders
  2 oozes
  A worm (D:2)
  4 dart slugs
  4 orcs
  8 bats
  2 giant cockroaches (D:2)
  6 goblins
  7 hobgoblins
  A quokka (D:3)
  7 frilled lizards
  10 kobolds
  7 rats
67 creatures vanquished.

Notes
Turn   | Place    | Note
-------+----------+-------------------------------------------
     0 | D:1      | FessEmpty the Octopode Conjurer began the quest for the
                  | Orb.
     0 | D:1      | Reached XP level 1. HP: 11/11 MP: 3/3
   110 | D:1      | Reached XP level 2. HP: 12/17 MP: 1/5
   585 | D:1      | Reached XP level 3. HP: 21/21 MP: 2/6
   589 | D:1      | Learned a level 2 spell: Searing Ray
   966 | D:2      | Reached XP level 4. HP: 27/27 MP: 0/8
  1376 | D:2      | Reached skill level 5 in Conjurations
  1495 | D:2      | Reached XP level 5. HP: 31/31 MP: 3/10
  2733 | D:3      | Reached XP level 6. HP: 26/36 MP: 8/12
  2739 | D:3      | Learned a level 4 spell: Iskenderun's Mystic Blast
  3001 | D:4      | Found Zin's Purification Station.
  3007 | D:4      | HP: 1/36 [orc/+0 dagger (1)]
  3007 | D:4      | Slain by an orc wizard

Levels and vault maps discovered:
D:1:      dpeg_arrival_orchard, layout_loops_ring
D:2:      layout_rooms
D:3:      layout_basic
D:4:      layout_rooms, zin_purify, serial_rivers, chequers_serial_rivers_marsh,
          chequers_serial_rivers_room_b, chequers_serial_rivers_micro_c,
          chequers_serial_rivers_room_b, chequers_serial_rivers_room_b,
          first_ration, makhleb_blood_cavern_becter

Skill      XL: |  1  2  3  4  5 |
---------------+----------------+-----
Spellcasting   | 3 4 |  4.2
Conjurations   | 5 |  5.7
Dodging        | |  2.0
Stealth        | |  2.6

Action                   |  1- 3 |  4- 6 || total
-------------------------+-------+-------++-------
Melee: Unarmed           |     7 |     2 ||     9
       Constrict         |     2 |     1 ||     3
 Cast: Magic Dart        |    52 |    53 ||   105
       Searing Ray       |     3 |    14 ||    17
  Use: Scroll            |       |     3 ||     3
 Stab: Sleeping          |     1 |       ||     1
  Eat: Chunk             |       |     5 ||     5
Armor: Skin              |     4 |     3 ||     7
Dodge: Dodged            |    16 |    12 ||    28

Table legend:
 A = Non-vault XP
 B = Vault XP
 C = Vault XP percentage of total XP
 D = Non-vault monster count
 E = Vault monster count
 F = Vault count percentage of total count
                 A         B        C        D         E       F
            +---------+---------+-------+---------+---------+-------
      Total |     333 |       0 |   0.0 |      67 |       0 |   0.0
            +---------+---------+-------+---------+---------+-------
        D:1 |      40 |       0 |   0.0 |      19 |       0 |   0.0
        D:2 |     181 |       0 |   0.0 |      28 |       0 |   0.0
        D:3 |     112 |       0 |   0.0 |      20 |       0 |   0.0
            +---------+---------+-------+---------+---------+-------
